 Dungeon Crawl Stone Soup version 0.31-a0-716-gc7603755dd (webtiles) character file.

Game seed: 10099166882670448029

88 Essalna the Conjurer (level 4, 30/30 HPs)
             Began as a Demonspawn Conjurer on Sept 10, 2023.
             Got out of the dungeon alive.
             The game lasted 00:02:15 (2055 turns).

Essalna the Conjurer (Demonspawn Conjurer)          Turns: 2055, Time: 00:02:15

Health: 30/30      AC:  2    Str:  8    XL:     4   Next: 30%
Magic:  9/9        EV: 12    Int: 21    God:
Gold:   62         SH:  4    Dex: 11    Spells: 8/9 levels left

rFire   . . .        g - +2 dagger (freeze)
rCold   . . .        (no shield)
rNeg    . . .        a - +0 robe
rPois   .            (helmet restricted)
rElec   .            (no cloak)
rCorr   .            (no gloves)
SInv    .            (no boots)
Will    .....        (no amulet)
Stlth   ++           (no ring)
HPRegen 0.25/turn    (no ring)
MPRegen 0.11/turn

%: no passive effects
@: no status effects
A: horns 1, condensation shield
a: no special abilities


You escaped.
You visited 1 branch of the dungeon, and saw 3 of its levels.

You collected 62 gold pieces.

Inventory:

Hand Weapons
 d - a +0 whip
 g - a +2 dagger of freezing (weapon)
Armour
 a - a +0 robe (worn)
Scrolls
 f - 2 scrolls of poison {unknown}
 h - a scroll of vulnerability {unknown}
 i - a scroll of torment {unknown}
 j - 4 scrolls of identify {unknown}
 k - 2 scrolls of brand weapon {unknown}
 m - a scroll of teleportation {unknown}
Potions
 b - a potion of magic
 c - a potion of curing {unknown}
 e - 3 potions of heal wounds {unknown}
 l - a potion of cancellation {unknown}


   Skills:
 - Level 1.7 Dodging
 - Level 1.7 Stealth
 + Level 3.3 Spellcasting
 + Level 5.0 Conjurations


You had 8 spell levels left.
You knew the following spells:

 Your Spells              Type           Power      Damage    Failure   Level
a - Magic Dart            Conj           96%        1d7       1%          1

Your spell library contained the following spells:

 Spells                   Type           Power      Damage    Failure   Level
 Searing Ray              Conj           48%        2d6       2%          2
 Dazzling Flash           Conj/Hex       28%        N/A       14%         3
 Ensorcelled Hibernation  Hex/Ice        6%         N/A       19%         2
 Jinxbite                 Hex            6%         N/A       19%         2
 Fulminant Prism          Conj/Hex       7%         3d6       41%         4
 Iskenderun's Mystic Bla  Conj/Tloc      14%        2d5       41%         4
 Anguish                  Hex/Necr       1%         N/A       77%         4


Dungeon Overview and Level Annotations

Branches:
Dungeon (3/15)

Altars:


Innate Abilities, Weirdness & Mutations

You have a pair of small horns on your head.
A meltable shield of frost defends you. (SH +4)


Message History

The endoplasm is heavily wounded.
The endoplasm quivers.
The magic dart hits the endoplasm.
The endoplasm is severely wounded.
The magic dart hits the endoplasm.
The endoplasm is almost dead.
The magic dart hits the endoplasm.
You kill the endoplasm!
You can't see any susceptible monsters within range! (Use Z to cast anyway.)
A jelly comes into view.
The magic dart hits the jelly.
The jelly is moderately wounded.
The magic dart hits the jelly.
The jelly is heavily wounded.
The magic dart hits the jelly.
The jelly is heavily wounded.
The magic dart hits the jelly.
The jelly is heavily wounded.
The magic dart hits the jelly.
The jelly is almost dead.
The jelly closely misses you.
The magic dart hits the jelly.
You kill the jelly!
Your Conjurations skill increases to level 5!
You have reached level 4!
You feel stronger.
Your demonic ancestry asserts itself...
Frost condenses into a shield before you.
You see here a +0 short sword.
There is an open door here.
You see here 5 stones.
You see here a +0 dagger.
There is a stone staircase leading up here.
You climb upwards.
There is a stone staircase leading down here.
Magic restored.
There is an escape hatch in the ceiling here.
A mysterious force pulls you upwards. The hatch slams shut behind you.
There is an open door here.
There is a staircase leading out of the dungeon here.
You have escaped!

#>##.##.#.#............####.###.#
#............#.....##...(....##.#
........##.###.[...###.####..##.#
####.#####.# ###.#####.####..##.#
#.# #.#####.##..........##.# #.#
#.##................##.# # #.#
#.##.#####.#####....##.# # #.#
#.##.#...#.#...#....##.# # #.#
#....#.@.#.'...#..#.##.# #
#.#####..#.#...#.#)).#....##.#
####..........##'##.#####..####.#
............#..............# #.#
##.######...#.#####.##'##..# #..
#.# #..##.#...#.#...#..# ### #.#
#..##.#.>.'.#...#..### ##.##
#..##.#...#.#...#....# #...#
#.....#####.#####....####


There were no monsters in sight!

Vanquished Creatures
  A jelly (D:3)
  2 adders (D:2)
  A dart slug (D:3)
  5 endoplasms
  2 giant cockroaches (D:1)
  A goblin (D:1)
  2 hobgoblins
  3 jackals (D:2)
  6 ball pythons
  A frilled lizard (D:1)
  4 kobolds
  4 rats
32 creatures vanquished.

Notes
Turn   | Place    | Note
-------+----------+-------------------------------------------
     0 | D:1      | Essalna the Demonspawn Conjurer began the quest for the
                  | Orb.
     0 | D:1      | Reached XP level 1. HP: 13/13 MP: 3/3
   243 | D:1      | Gained mutation: You have a pair of small horns on your
                  | head. [demonic ancestry]
   243 | D:1      | Reached XP level 2. HP: 10/19 MP: 0/5
   339 | D:1      | Found a faded altar of an unknown god.
  1079 | D:2      | Reached XP level 3. HP: 15/24 MP: 1/7
  1942 | D:3      | Reached skill level 5 in Conjurations
  1942 | D:3      | Gained mutation: A meltable shield of frost defends you.
                  | (SH +4) [demonic ancestry]
  1942 | D:3      | Reached XP level 4. HP: 30/30 MP: 1/9
  2055 | D:$      | Got out of the dungeon alive.

Illustrated notes

Levels and vault maps discovered:
D:1:      minmay_arrival_four_houses, layout_loops_ring,
          chequers_ecumenical_altar_island, fountainhead, minmay_pentomino_r4
D:2:      layout_basic
D:3:      layout_basic, mainiacjoe_overflow_catwalk, amcnicky_altar_gilded

Skill      XL: |  1  2  3 |
---------------+----------+-----
Spellcasting   | 3 |  3.3
Conjurations   | 5 |  5.0
Dodging        | |  1.7
Stealth        | |  1.7

Action                     |  1- 3 |  4- 6 || total
---------------------------+-------+-------++-------
  Melee: Unarmed           |    10 |       ||    10
         Dagger            |    14 |       ||    14
         Headbutt          |     2 |       ||     2
   Cast: Magic Dart        |    74 |       ||    74
 Armour: Robe              |    13 |       ||    13
  Dodge: Dodged            |    24 |       ||    24

Table legend: (Time is in decaauts)
 A = Elapsed time spent in this place.
 B = Non-inter-level travel time spent in this place.
 C = Inter-level travel time spent in this place.
 D = Time resting spent in this place.
 E = Time spent auto-exploring this place.
 F = Levels seen in this place.
 G = Mean time per level.
                   A        B        C        D        E       F      G
               +--------+--------+--------+--------+--------+-----+--------+
         Total |   2060 |   1916 |    144 |      0 |   1726 |   3 |  686.7 |
       Dungeon |   2060 |   1916 |    144 |      0 |   1726 |   3 |  686.7 |
               +--------+--------+--------+--------+--------+-----+--------+

Top non-repeatable levels by time:
     D:1: 997 daAuts
     D:2: 674 daAuts
     D:3: 388 daAuts
